 Dungeon Crawl Stone Soup version 0.16.1-18-g436b03c (webtiles) character file.

90 MiracleMan the Slasher (level 4, -4/29 HPs)
             Began as an Octopode Gladiator on May 9, 2015.
             Slain by a gnoll
             ... wielding a +0 halberd
              (12 damage)
             ... on level 3 of the Dungeon.
             The game lasted 00:02:05 (2089 turns).

MiracleMan the Slasher (Octopode Gladiator)         Turns: 2089, Time: 00:02:05

Health: -4/29      AC:  1    Str: 14    XL:     4   Next: 56%
Magic:  4/4        EV: 13    Int: 10    God:
Gold:   69         SH:  0    Dex: 13    Spells: 0 memorised, 3 levels left

rFire  . . .     SeeInvis .     a - +0 long sword
rCold  . . .     Clarity  .     (no shield)
rNeg   . . .     SustAb   .     c - +0 hat
rPois  .         Gourm    .     (no amulet)
rElec  .         Spirit   .     (no ring)
rCorr  .         Warding  .     (no ring)
rMut   .         Stasis   .     (no ring)
MR     .....                    (no ring)
Stlth  ++........               (no ring)
                                (no ring)
                                (no ring)
                                (no ring)

@: not resistant to hostile enchantments, unstealthy
A: almost no armour, amphibious, 8 rings, constrict 8, camouflage 1, gelatinous
body 1
a: no special abilities


You were on level 3 of the Dungeon.
You were not hungry.

You visited 1 branch of the dungeon, and saw 3 of its levels.

You collected 69 gold pieces.

Inventory:

Hand weapons
 a - a +0 long sword (weapon)
Missiles
 d - 3 throwing nets {=f, !d}
 m - 7 needles of confusion
Armour
 c - a +0 hat (worn)
Jewellery
 h - an uncursed amulet of stasis {unknown}
   (You found it on level 1 of the Dungeon)
Scrolls
 e - 3 scrolls of teleportation {unknown}
 g - a scroll of fear {unknown}
 i - a scroll of identify {unknown}
 j - a scroll of magic mapping {unknown}
 k - a scroll of blinking {unknown}
Potions
 b - a potion of haste {unknown}
 n - a potion of might {unknown}
 o - a potion of invisibility {unknown}
Comestibles
 f - a bread ration {@e1}
 l - 5 chunks of flesh {@w0}


   Skills:
 - Level 2.0 Fighting
 + Level 5.2 Long Blades
 - Level 2.0 Throwing
 - Level 3.0 Dodging


You had 3 spell levels left.
You didn't know any spells.

Dungeon Overview and Level Annotations

Branches:
Dungeon (3/15)

Altars:
Fedhas


Innate Abilities, Weirdness & Mutations

You cannot wear most types of armour.
You are amphibious.
You can wear up to eight rings at the same time.
You can use your tentacles to constrict many enemies at once.
Your skin changes colour to match your surroundings (Stealth).
Your rubbery body absorbs attacks (AC +1).


Message History

You kill the orc!
The orc closely misses you.
Unknown command.
Unknown command.
Unknown command.
Unknown command.
Unknown command.
Unknown command.
You closely miss the orc. You grab the orc. You constrict the orc.
The orc closely misses you. x2
Unknown command.
You hit the orc. You squeeze the orc.
You kill the orc!
The orc wizard hits you with a dagger.
You take 1 damage, and have 19/24 hp.
Unknown command.
You barely miss the orc wizard. Your grab misses the orc wizard.
You squeeze the orc wizard! The orc wizard closely misses you.
The orc closely misses you. The orc wizard hits you with a dagger.
You take 2 damage, and have 17/24 hp.
Unknown command.
You slash the orc wizard!
You kill the orc wizard!
Your Long Blades skill increases to level 5!
You have reached level 4!
The orc misses you.
You regained 3 hp, and now have 20/29 hp.
MP restored: 4 You hit the orc.
You kill the orc!
Things that are here:
a flail; a dagger; an orc corpse You butcher the orc corpse.
l - 5 chunks of flesh {@w0} (gained 2)
Things that are here:
a flail; a dagger; an orc skeleton
Things that are here:
a dagger; a runed robe Unknown command.
Things that are here:
a flail; a dagger; an orc skeleton You now have 67 gold pieces (gained 10).
A hobgoblin comes into view. It is wielding a club.
Unknown command.
A hobgoblin is nearby!
A hobgoblin is nearby!
Unknown command.
A hobgoblin is nearby!
A giant gecko comes into view.
The giant gecko moves out of view.
The helpless hobgoblin fails to defend itself.
You slash the hobgoblin!
You kill the hobgoblin!
No target in view!
You see here a club.
You slash the giant gecko!
You kill the giant gecko!
No target in view!
You see here 7 needles of confusion.
m - 7 needles of confusion
n - a yellow potion A rat comes into view.
You barely miss the rat. You grab the rat. You squeeze the rat.
You kill the rat!
No target in view!
No target in view!
No target in view!
o - a ruby potion You see here a rat corpse.
You see here a leather armour.
You now have 69 gold pieces (gained 2).
Things that are here:
14 arrows; a ring mail
Found a stone staircase leading down.
No target in view!
No target in view!
No target in view!
Found a stone staircase leading up.
No target in view!
No target in view!
A gnoll comes into view. It is wielding a halberd.
There is a stone staircase leading up here. 2 gnolls come into view.
The gnoll shouts! x3
The gnoll throws a throwing net.
The throwing net hits you.
You become entangled in the net!
You see here a throwing net {=f, !d}.
You struggle against the net.
A gnoll comes into view. It is wielding a flail.
You struggle against the net.
The gnoll hits you from afar with a spear of piercing!
The gnoll hits you from afar with a halberd!
* * * LOW HITPOINT WARNING * * *
You take 20 damage, and have 7/29 hp.
MASSIVE DAMAGE!!
You cut the net and break free! The gnoll barely misses you.
There is a stone staircase leading up here.
The gnoll hits you from afar with a halberd!
You die...

#.)!# #...# ## #.g..
#> .... ##.###..#
#....#..##.########
#..#.#ggg..#......#
#....#.#####......#
#...#@.....+......#
#...#.######......###
#...#.# #.###....#
#.).#.# #.# #)...#
#...#.# #.# #....#
#...#.######.# #....##
#..........#†# #......
##..#......#.####..[..
#..........[...+.....


You could see 4 gnolls.

Vanquished Creatures
  An orc wizard (D:3)
  2 adders (D:2)
  4 giant geckos
  3 orcs (D:3)
  A ball python (D:1)
  A giant cockroach (D:1)
  2 goblins
  6 hobgoblins
  4 bats
  A giant newt (D:1)
  5 kobolds
  4 rats
34 creatures vanquished.

Notes
Turn   | Place    | Note
--------------------------------------------------------------
     0 | D:1      | MiracleMan, the Octopode Gladiator, began the quest for the Orb.
     0 | D:1      | Reached XP level 1. HP: 14/14 MP: 1/1
   398 | D:1      | Reached XP level 2. HP: 16/19 MP: 2/2
  1044 | D:2      | Reached skill level 4 in Long Blades
  1112 | D:2      | Found a blossoming altar of Fedhas.
  1121 | D:2      | HP: 4/19 [giant gecko (2)]
  1124 | D:2      | HP: 1/19 [giant gecko (1)]
  1125 | D:2      | Reached XP level 3. HP: 1/24 MP: 3/3
  2008 | D:3      | Reached skill level 5 in Long Blades
  2008 | D:3      | Reached XP level 4. HP: 20/29 MP: 4/4
  2086 | D:3      | HP: 7/29 [gnoll/halberd (11)]
  2089 | D:3      | Slain by a gnoll

Action                   |  1- 3 |  4- 6 || total
-------------------------+-------+-------++-------
Melee: Long sword        |    54 |     4 ||    58
  Use: Scroll            |     2 |       ||     2
 Stab: Sleeping          |     5 |     1 ||     6
  Eat: Chunk             |     1 |       ||     1
       Bread ration      |     1 |       ||     1

Vault maps used:
D:1:      minmay_arrival_plants_in_alcoves
D:2:      nicolae_overflow_hidden_temple, serial_glass, glass_columns_a,
          glass_columns_a, first_bread, grunt_decor_mini_mirrors

Table legend:
 A = Turns spent in this place as a percentage of turns spent in the entire game.
 B = Non-inter-level travel turns spent in this place as a percentage of non-inter-level travel turns spent in the entire game.
 C = Inter-level travel turns spent in this place as a percentage of turns spent in this place.
 D = Turns resting spent in this place as a percentage of non-inter-level travel turns spent in this place.
 E = Turns spent auto-exploring this place as a percentage of non-inter-level travel turns spent in this place.
 F = Non-inter-level travel turns spent in this place divided by the number of levels of this place that you've seen.
                   A       B       C       D       E      F
               +-------+-------+-------+-------+-------+----------------------
         Total | 100.0 | 100.0 |   0.5 |   3.3 |  12.5 | 131.0
       Dungeon | 100.0 | 100.0 |   0.5 |   3.3 |  12.5 | 131.0
               +-------+-------+-------+-------+-------+----------------------

Table legend:
 A = Kills in this place as a percentage of kills in entire the game.
 B = Kills by you in this place as a percentage of kills by you in the entire game.
 C = Kills by friends in this place as a percentage of kills by friends in the entire game.
 D = Other kills in this place as a percentage of other kills in the entire game.
 E = Experience gained in this place as a percentage of experience gained in the entire game.
 F = Experience gained in this place divided by the number of levels of this place that you have seen.
                   A       B       C       D       E      F
               +-------+-------+-------+-------+-------+----------------------
         Total | 100.0 | 100.0 |  -nan |  -nan | 100.0 |  43.0
       Dungeon | 100.0 | 100.0 |  -nan |  -nan | 100.0 |  43.0
               +-------+-------+-------+-------+-------+----------------------
